 Dungeon Crawl Stone Soup version 0.30.1-9-gdf580d7c3d (webtiles) character file.

Game seed: 9313056613130856985

87 leafyfresh the Digger (level 4, 0/33 HPs)
             Began as a Demigod Earth Elementalist on Oct 13, 2023.
             Succumbed to an adder's poison
             ... on level 2 of the Dungeon.
             The game lasted 00:03:33 (1171 turns).

leafyfresh the Digger (Demigod Earth Elementalist)  Turns: 1171, Time: 00:03:33

Health: 0/33       AC:  2    Str:  9    XL:     4   Next: 7%
Magic:  9/11       EV: 12    Int: 21    God:
Gold:   113        SH:  0    Dex: 14    Spells: 8/9 levels left

rFire   . . .        l - +2 mace (heavy)
rCold   . . .        (no shield)
rNeg    . . .        a - +0 robe
rPois   .            (no helmet)
rElec   .            (no cloak)
rCorr   .            (no gloves)
SInv    .            (no boots)
Will    .....        (no amulet)
Stlth   ++           (no ring)
HPRegen 0.25/turn    (no ring)
MPRegen 0.12/turn

%: no passive effects
@: lethally poisoned (0 -> -9), hasted, very quick
A: high MP 1, forlorn, divine attributes
a: no special abilities


You were on level 2 of the Dungeon.
You visited 1 branch of the dungeon, and saw 2 of its levels.

You collected 113 gold pieces.

Inventory:

Hand Weapons
 c - a +0 rapier
 g - a +0 dagger of venom
 l - a +2 heavy mace (weapon)
Missiles
 k - 5 silver boomerangs (quivered)
Armour
 a - a +0 robe (worn)
 m - a +0 helmet
 n - a +0 pair of boots
Scrolls
 f - 2 scrolls of identify {unknown}
 i - a scroll of amnesia {unknown}
 j - a scroll of poison {unknown}
 o - a scroll of teleportation {unknown}
Potions
 b - a potion of magic
 e - a potion of resistance {unknown}
 h - a potion of curing {unknown}


   Skills:
 - Level 1.7 Dodging
 - Level 1.7 Stealth
 + Level 3.0 Spellcasting
 - Level 0.8 Transmutations
 + Level 3.8 Earth Magic


You had 8 spell levels left.
You knew the following spells:

 Your Spells              Type           Power      Damage    Failure   Level
a - Sandblast             Erth           38%        2d10      2%          1

Your spell library contained the following spells:

 Spells                   Type           Power      Damage    Failure   Level
 Passwall                 Tmut/Erth      10%        N/A       8%          2
 Stone Arrow              Conj/Erth      22%        3d8       19%         3
 Petrify                  Tmut/Erth      12%        N/A       45%         4


Dungeon Overview and Level Annotations

Branches:
Dungeon (2/15)


Innate Abilities, Weirdness & Mutations

You have an increased reservoir of magic. (+10% MP)
You shall have no god before yourself.
Your divine heritage dramatically boosts your attributes as you level up.


Message History

The worm is lightly wounded.
The adder bites you.
You are poisoned.
The adder poisons you! The adder barely misses you. The worm bites you!
The adder bites you.
You are more poisoned.
The adder poisons you!
Casting: Sandblast (safe; 2% risk of failure)
Confirm with . or Enter, or press ? or * to list all spells.
Aiming: Sandblast (safe; 2% risk of failure)
Press: ? - help, Shift-Dir - straight line, f - worm
Aim: a worm (lightly wounded, 94% to hit)
The blast of sand hits the worm!
The worm is almost dead.
You feel very sick. The adder barely misses you. The adder bites you.
You are lethally poisoned!
The adder poisons you! The worm closely misses you.
Casting: Sandblast (safe; 2% risk of failure)
Confirm with . or Enter, or press ? or * to list all spells.
Aiming: Sandblast (safe; 2% risk of failure)
Press: ? - help, Shift-Dir - straight line, f/p - worm
Aim: a worm (almost dead, 94% to hit)
Okay, then.
Casting: Sandblast (safe; 2% risk of failure)
Confirm with . or Enter, or press ? or * to list all spells.
Aiming: Sandblast (safe; 2% risk of failure)
Press: ? - help, Shift-Dir - straight line, f/p - worm
Aim: a worm (almost dead, 94% to hit)
The blast of sand hits the worm.
You kill the worm!
* * * LOW HITPOINT WARNING * * *
You feel very sick. The adder bites you.
* * * LOW HITPOINT WARNING * * *
The adder bites you.
* * * LOW HITPOINT WARNING * * *
Unknown command.
It was a potion of haste.
You feel yourself speed up.
You die...

#..... #### #.....##...#
#.._.......# #..........#
#..........# #.........#
#...†S..# ###### ##@######....#
#............# #....).......#
#############............######
#..............................
#.################.##.....##...
#.####........# #...#....##...
#.#<##.######.# ###.#....##...
##.#.##.# #.######.#######...


You could see an adder.

Vanquished Creatures
  Robin (D:2)
  An adder (D:2)
  2 worms (D:2)
  A dart slug (D:2)
  2 bats (D:1)
  2 endoplasms (D:1)
  2 giant cockroaches (D:1)
  13 goblins
  3 hobgoblins (D:2)
  11 jackals
  A ball python (D:1)
  A frilled lizard (D:2)
  8 kobolds
  7 rats
55 creatures vanquished.

Notes
Turn   | Place    | Note
-------+----------+-------------------------------------------
     0 | D:1      | leafyfresh the Demigod Earth Elementalist began the quest
                  | for the Orb.
     0 | D:1      | Reached XP level 1. HP: 14/14 MP: 5/5
   111 | D:1      | Reached XP level 2. HP: 5/20 MP: 1/7
   711 | D:1      | You fall into a shaft and drop 1 floor!
   727 | D:2      | Reached XP level 3. HP: 21/26 MP: 7/9
   801 | D:2      | Noticed Robin
   974 | D:2      | Killed Robin
  1063 | D:2      | Reached XP level 4. HP: 27/33 MP: 11/11
  1171 | D:2      | Succumbed to an adder's poison

Illustrated notes

Levels and vault maps discovered:
D:1:      elethiomel_arrival_diamonds, layout_loops_ring,
          chequers_serial_rivers_large_a
D:2:      layout_basic, basic_altar, uniq_robin

Skill      XL: |  1  2  3 |
---------------+----------+-----
Spellcasting   | 2 3 |  3.0
Earth Magic    | 3 |  3.8
Dodging        | |  1.7
Stealth        | |  1.7
Transmutations | |  0.8

Action                     |  1- 3 |  4- 6 || total
---------------------------+-------+-------++-------
  Melee: Rapier            |    45 |       ||    45
         Dagger            |    50 |       ||    50
         Mace              |     3 |     3 ||     6
         Punch             |     1 |       ||     1
   Cast: Sandblast         |    29 |     2 ||    31
    Use: Potion            |       |     1 ||     1
   Stab: Sleeping          |     6 |       ||     6
 Armour: Robe              |    20 |       ||    20
  Dodge: Dodged            |    75 |     8 ||    83
